Map: Iron Fortress LE (Void)

Players

Cloudy - Winner!

  • Race: Protoss Protoss

Shamanas

  • Race: Terran Terran

VOD

Have the link to the VOD?

Description

Time

  • Played on: May 2, 2015, 1:49 p.m.
  • Length: 26:22
Show
View Real Time Build Order
Export as new Build Order

Cloudy Protoss - Winner!

Build Orders: Double Forge, Nexus First 

Get SALT Encoding   

  12  0:01  Probe  
  13  0:13  Probe  
  14  0:17  Pylon  
  14  0:35  Probe (Chrono Boost)  
  15  0:46  Probe (Chrono Boost)  
  16  0:53  Probe  
  17  1:04  Nexus  
  17  1:05  Probe (Chrono Boost)  
  18  1:16  Probe (Chrono Boost)  
  18  1:18  Gateway  
  19  1:23  Probe (Chrono Boost)  
  19  1:25  Assimilator  
  20  1:34  Probe  
  20  1:36  Pylon  
  21  1:44  Assimilator  
  21  1:46  Probe (Chrono Boost)  
  22  1:57  Probe (Chrono Boost)  
  23  2:04  Probe (Chrono Boost)  
  23  2:06  Cybernetics Core  
  24  2:15  Probe (Chrono Boost)  
  25  2:22  Probe (Chrono Boost)  
  28  2:24  Probe (Chrono Boost)  
  28  2:28  Probe (Chrono Boost)  
  30  2:32  Probe  
  31  2:40  Probe  
  31  2:43  Warp Gate  
  31  2:44  Stalker (Chrono Boost), Mothership Core  
  34  2:52  Probe  
  34  2:53  Pylon  
  35  3:05  Probe (Chrono Boost)  
  35  3:06  Stalker, Probe (Chrono Boost)  
  37  3:17  Probe (Chrono Boost)  
  37  3:18  Probe (Chrono Boost)  
  37  3:19  Twilight Council  
  39  3:25  Probe x2 (Chrono Boost)  
  39  3:26  Robotics Facility  
  43  3:35  Probe (Chrono Boost)  
  43  3:36  Stalker  
  43  3:39  Probe (Chrono Boost)  
  45  3:42  Assimilator  
  45  3:43  Probe (Chrono Boost)  
  45  3:45  Pylon  
  45  3:46  Probe (Chrono Boost)  
  47  3:49  Assimilator  
  47  3:53  Probe (Chrono Boost)  
  48  3:58  Probe (Chrono Boost)  
  48  4:02  Probe (Chrono Boost)  
  50  4:04  Dark Shrine  
  50  4:05  Probe (Chrono Boost)  
  51  4:10  Probe  
  51  4:15  Warp Prism  
  51  4:16  Probe  
  55  4:23  Probe  
  56  4:28  Probe  
  55  4:35  Probe  
  56  4:40  Probe  
  56  4:45  Pylon  
  57  4:46  Pylon  
  57  4:47  Probe  
  58  4:53  Forge  
  58  4:54  Probe  
  58  4:55  Forge  
  58  4:59  Probe  
  60  5:02  Pylon  
  60  5:06  Probe  
  61  5:14  Robotics Bay  
  61  5:17  Dark Templar  
  61  5:21  Probe  
  62  5:29  Probe  
  62  5:34  Probe  
  62  5:36  Protoss Ground Weapons Level 1 (Chrono Boost), Protoss Ground Armor Level 1 (Chrono Boost)  
  62  5:38  Gateway  
  62  5:40  Gateway  
  62  5:42  Gateway  
  62  5:44  Probe  
  62  5:46  Probe  
  64  5:56  Dark Templar, Probe  
  67  5:58  Probe  
  68  6:08  Probe  
  70  6:11  Probe  
  70  6:20  Probe (Chrono Boost)  
  70  6:23  Probe (Chrono Boost)  
  71  6:32  Probe (Chrono Boost)  
  75  6:34  Dark Templar, Probe (Chrono Boost)  
  75  6:35  Disruptor  
  75  6:39  Probe (Chrono Boost)  
  74  6:40  Probe (Chrono Boost)  
  74  6:44  Dark Templar  
  74  6:49  Probe  
  74  6:52  Probe, Blink (Chrono Boost)  
  76  6:55  Gateway  
  76  6:56  Gateway  
  76  6:58  Gateway  
  76  6:59  Pylon  
  76  7:00  Pylon  
  76  7:01  Probe  
  76  7:02  Pylon  
  76  7:03  Pylon  
  76  7:04  Probe  
  76  7:10  Dark Templar  
  76  7:13  Probe, Nexus  
  79  7:16  Probe  
  78  7:25  Probe  
  78  7:26  Nexus  
  78  7:27  Stalker x3, Protoss Ground Weapons Level 2 (Chrono Boost)  
  78  7:28  Probe, Pylon  
  86  7:34  Protoss Ground Armor Level 2 (Chrono Boost)  
  84  7:37  Probe  
  84  7:41  Probe  
  86  7:46  Stalker  
  86  7:50  Probe  
  89  7:53  Probe  
  89  7:57  Stalker x3  
  96  8:02  Probe  
  96  8:05  Probe  
  98  8:07  Assimilator  
  98  8:11  Assimilator x2  
  98  8:12  Stalker  
  98  8:13  Stalker x2  
  98  8:14  Probe, Assimilator  
  98  8:17  Probe  
  98  8:18  Dark Templar  
  108  8:26  Probe  
  109  8:29  Probe x2 (Chrono Boost)  
  111  8:38  Probe (Chrono Boost)  
  113  8:41  Probe x2 (Chrono Boost)  
  113  8:44  Probe (Chrono Boost), Dark Templar  
  113  8:47  Stalker x4  
  113  8:48  Stalker  
  125  9:01  Disruptor (Chrono Boost)  
  127  9:07  Dark Templar  
  129  9:15  Zealot  
  129  9:16  Zealot x5  
  137  9:36  Protoss Ground Weapons Level 3 (Chrono Boost)  
  131  9:40  Disruptor (Chrono Boost)  
  131  9:46  Gateway  
  131  9:47  Gateway  
  131  9:48  Protoss Ground Armor Level 3 (Chrono Boost)  
  131  9:52  Nexus  
  131  9:53  Gateway, Zealot x4  
  131  9:54  Assimilator  
  131  9:57  Pylon  
  131  9:59  Assimilator  
  139  10:00  Pylon  
  139  10:02  Stalker x3, Pylon  
  139  10:03  Gateway, Pylon  
  141  10:16  Disruptor  
  141  10:21  Stalker x4  
  141  10:26  Pylon  
  149  10:28  Pylon  
  149  10:30  Pylon  
  149  10:32  Pylon  
  149  10:34  Dark Templar x3, Pylon  
  155  10:45  Zealot  
  155  10:46  Zealot x3  
  155  10:49  Stalker x4  
  159  11:01  Disruptor  
  159  11:08  Robotics Facility  
  159  11:10  Robotics Facility  
  157  11:28  Pylon  
  157  11:31  Stalker x2  
  157  11:32  Stalker x6  
  171  11:33  Stalker, Pylon  
  171  11:37  Nexus  
  171  11:38  Pylon  
  179  11:42  Pylon  
  179  11:45  Disruptor  
  179  11:46  Photon Cannon  
  179  11:49  Photon Cannon  
  179  11:53  Protoss Shields Level 1 (Chrono Boost)  
  179  11:58  Disruptor  
  179  12:02  Photon Cannon  
  179  12:03  Disruptor, Photon Cannon  
  179  12:05  Photon Cannon  
  179  12:07  Templar Archives, Photon Cannon  
  179  12:08  Extended Thermal Lance  
  179  12:16  Stalker x3  
  183  12:35  Shield Upgrade  
  173  12:44  High Templar x2  
  173  12:45  High Templar x6  
  189  12:55  Archon  
  189  12:56  Archon x2  
  189  12:57  Archon  
  189  12:58  High Templar x2  
  193  13:08  Assimilator  
  193  13:13  Assimilator  
  193  13:19  Gateway  
  193  13:21  Gateway  
  193  13:23  Gateway x2  
  193  13:29  Psionic Storm  
  193  13:31  High Templar x4  
  193  13:59  Observer (Chrono Boost)  
  155  14:17  Disruptor  
  155  14:19  Observer x3  
  155  14:20  Protoss Shields Level 2 (Chrono Boost)  
  126  14:26  Stalker x2  
  126  14:27  Stalker x6  
  126  14:28  Stalker x3  
  110  14:56  Stalker x6  
  110  14:57  Stalker x7  
  110  14:59  Observer (Chrono Boost)  
  117  15:27  Warp Prism (Chrono Boost)  
  95  15:52  Stalker x2  
  95  15:53  Stalker x8  
  95  15:54  Stalker x2  
  95  15:55  Stalker x3  
  125  16:16  Colossus x2 (Chrono Boost)  
  125  16:17  Colossus (Chrono Boost)  
  143  16:21  Nexus  
  143  16:23  Assimilator  
  143  16:27  Assimilator  
  143  16:30  Stalker x6  
  143  16:31  Stalker x5  
  143  16:32  Stalker x3  
  171  16:40  Pylon  
  171  16:48  Dark Templar  
  173  17:03  Warp Prism (Chrono Boost)  
  181  17:09  Immortal (Chrono Boost)  
  181  17:10  Immortal (Chrono Boost)  
  181  17:11  Protoss Shields Level 3 (Chrono Boost)  
  181  17:14  Dark Templar  
  181  17:17  Zealot x6  
  181  17:18  Zealot x3  
  199  17:38  Disruptor  
  197  18:07  Immortal  
  175  18:20  Immortal x2  
  175  18:24  High Templar x3  
  175  18:25  High Templar x6  
  191  18:33  Archon x3  
  191  18:34  Archon  
  187  18:37  Zealot x6  
  181  18:53  Immortal  
  179  18:57  High Templar x3  
  179  18:58  High Templar  
  179  18:59  Immortal  
  189  19:14  Archon x2  
  180  19:22  Zealot  
  180  19:23  Zealot x7  
  180  19:24  Zealot x3  
  198  19:40  Zealot  
  198  19:41  Zealot  
  180  20:01  Warp Prism (Chrono Boost)  
  180  20:11  Nexus  
  180  20:13  Assimilator  
  180  20:14  High Templar x6  
  180  20:15  High Templar  
  180  20:17  Assimilator  
  180  20:21  Pylon  
  194  20:23  Archon  
  194  20:24  Archon x2  
  194  20:30  High Templar  
  194  20:34  Archon  
  196  20:55  Nexus  
  196  21:06  Photon Cannon  
  196  21:07  Photon Cannon  
  196  21:08  High Templar x5  
  196  21:09  Photon Cannon  
  196  21:11  Photon Cannon  
  194  21:12  Photon Cannon, Archon x2  
  194  21:16  Pylon  
  188  21:24  Pylon  
  182  21:28  Immortal x2  
  190  21:36  High Templar x2  
  193  21:48  Zealot  
  193  21:49  Zealot x2  
  199  22:00  Nexus  
  188  22:02  Assimilator  
  188  22:06  Pylon  
  188  22:08  Archon  
  163  22:12  Stalker x3  
  163  22:13  Stalker x9  
  149  22:17  Observer (Chrono Boost)  
  146  22:24  Stalker  
  146  22:25  Stalker x2  
  146  22:28  Observer (Chrono Boost)  
  154  22:40  Observer (Chrono Boost)  
  154  22:45  Observer x2 (Chrono Boost)  
  156  22:54  Assimilator  
  156  22:55  Observer  
  157  22:58  Assimilator  
  154  23:12  High Templar x2  
  156  23:19  Zealot  
  156  23:20  Zealot x9  
  156  23:21  Zealot  
  156  23:22  Zealot x2  
  179  23:32  Nexus  
  175  23:34  Assimilator  
  175  23:36  Photon Cannon  
  175  23:37  Archon  
  175  23:38  Pylon  
  175  23:41  Zealot x4, Photon Cannon  
  173  23:43  Pylon  
  173  23:46  Stalker x5  
  173  23:47  Stalker x5  
  173  23:48  Stalker  
  194  23:53  Pylon  
  194  23:55  Stalker x2  
  172  23:56  Stalker x2  
  172  23:57  Stalker  
  172  23:59  Stalker x2  
  172  24:00  Stalker  
  171  24:13  Stalker x4  
  171  24:14  Stalker x3  
  156  24:37  Zealot x5  
  155  24:40  Probe x3  
  155  24:41  Probe  
  142  24:52  Probe x2  
  129  24:56  Stalker x3  
  129  24:57  Stalker x9  
  129  24:58  Stalker x3  
  156  25:15  Probe x2  
  156  25:16  Probe x2  
  156  25:19  Nexus  
  156  25:23  Stalker, Assimilator  
  156  25:27  Probe, Assimilator  
  157  25:28  Stalker x3  
  157  25:29  Stalker x3  
  157  25:31  Pylon  
  157  25:35  Nexus  
  163  25:36  Pylon  
  163  25:39  Assimilator  
  163  25:40  Zealot x4  
  163  25:41  Zealot x4  
  141  25:56  Probe x4  
  139  26:08  Probe x2  
Show
View Real Time Build Order
Export as new Build Order

Shamanas Terran 

Build Orders: Reaper Expand 

Get SALT Encoding   

  12  0:01  SCV  
  13  0:13  SCV  
  14  0:17  Supply Depot  
  14  0:25  SCV  
  15  0:39  SCV, Barracks  
  16  0:46  Refinery  
  16  0:51  SCV  
  17  1:04  SCV  
  18  1:16  SCV  
  19  1:28  Orbital Command  
  19  1:41  Command Center  
  19  1:46  Barracks Reactor  
  19  1:51  Reaper  
  20  1:55  SCV  
  20  1:58  Supply Depot  
  21  2:07  SCV  
  22  2:19  SCV, Factory  
  23  2:24  Refinery  
  23  2:30  Barracks Reactor  
  23  2:31  SCV  
  24  2:43  SCV  
  25  2:48  Supply Depot  
  25  2:55  SCV  
  26  3:03  Orbital Command  
  26  3:07  SCV  
  26  3:12  Factory Tech Lab, Marine x2  
  27  3:19  SCV  
  29  3:20  Refinery  
  29  3:27  Command Center  
  29  3:29  Bunker  
  29  3:30  SCV  
  30  3:38  Cyclone  
  30  3:40  SCV  
  34  3:43  SCV  
  35  3:52  SCV  
  35  3:55  SCV, Marine x2  
  39  4:04  SCV  
  39  4:05  Factory  
  39  4:07  SCV  
  41  4:10  Starport  
  41  4:12  Cyclone  
  41  4:16  SCV  
  45  4:22  SCV  
  46  4:27  Marine x2  
  48  4:33  Supply Depot  
  48  4:35  Missile Turret  
  48  4:36  SCV x2, Missile Turret  
  50  4:39  Refinery, Orbital Command  
  50  4:52  Cyclone, Starport Tech Lab  
  53  4:56  SCV x2  
  55  5:00  Hellion x2  
  55  5:04  Armory  
  59  5:07  Armory  
  59  5:11  SCV  
  59  5:12  SCV x2  
  62  5:23  SCV  
  62  5:24  SCV, Hellion x2  
  62  5:25  Cyclone  
  70  5:42  SCV x2  
  70  5:59  Refinery  
  70  6:00  Refinery  
  70  6:01  Banshee, Hellion x2  
  73  6:05  Orbital Command  
  70  6:11  Terran Vehicle and Ship Weapons Level 1  
  70  6:12  Terran Vehicle And Ship Armor Level 1  
  70  6:15  Missile Turret  
  66  6:21  Cyclone  
  60  6:35  Missile Turret  
  60  6:38  SCV x3  
  52  6:49  Banshee, Hellion x2  
  52  6:50  SCV x2  
  52  6:52  SCV  
  62  6:55  Missile Turret  
  61  7:02  SCV x2  
  61  7:05  SCV  
  64  7:11  Missile Turret  
  64  7:14  SCV, Cyclone  
  72  7:15  Hellion  
  72  7:16  Hellion  
  70  7:27  SCV x2  
  70  7:37  Factory, Starport Tech Lab  
  70  7:43  SCV  
  70  7:44  SCV x2  
  72  7:51  Engineering Bay  
  72  7:54  Hellbat x2  
  76  8:02  Supply Depot  
  76  8:03  Infernal Pre-Igniter  
  76  8:04  Supply Depot x2, Orbital Command  
  76  8:06  Command Center  
  76  8:07  Terran Vehicle and Ship Weapons Level 2  
  76  8:17  SCV  
  76  8:19  Terran Vehicle And Ship Armor Level 2  
  77  8:24  SCV, Cyclone, Raven  
  79  8:29  SCV  
  79  8:32  SCV, Missile Turret  
  77  8:35  Factory Reactor  
  77  8:36  SCV, Hellion  
  77  8:37  Hellion  
  82  8:41  SCV  
  82  8:47  SCV  
  84  8:48  SCV  
  84  8:52  Refinery  
  84  8:53  SCV  
  84  8:59  SCV  
  84  9:00  SCV  
  81  9:04  Hellbat x2  
  81  9:05  SCV  
  81  9:07  Cyclone  
  91  9:11  SCV  
  91  9:13  Hellbat x2  
  93  9:18  Refinery  
  93  9:19  SCV x2  
  93  9:23  SCV  
  93  9:30  Viking  
  86  9:33  SCV x2  
  86  9:34  Hellbat x2  
  86  9:37  Hellbat x2  
  92  9:45  Planetary Fortress  
  92  9:54  SCV x3  
  95  10:03  Missile Turret  
  95  10:05  Cloaking Field  
  95  10:06  SCV  
  90  10:16  SCV x2  
  92  10:21  Missile Turret  
  92  10:26  SCV x2  
  92  10:28  SCV  
  94  10:35  Cyclone  
  94  10:36  Hellbat x3  
  94  10:37  Banshee, Hellbat  
  94  10:41  Terran Vehicle And Ship Armor Level 3, Terran Vehicle and Ship Weapons Level 3  
  94  10:42  Supply Depot  
  105  10:45  SCV x3  
  103  10:54  SCV  
  104  10:57  SCV  
  104  11:00  Supply Depot  
  104  11:02  Supply Depot  
  105  11:05  Starport  
  105  11:06  SCV x3  
  105  11:07  Starport  
  105  11:08  Starport  
  105  11:09  SCV  
  109  11:12  Hellbat x2  
  109  11:13  Hellbat  
  115  11:18  SCV  
  115  11:24  SCV  
  117  11:27  Missile Turret  
  117  11:28  Missile Turret  
  117  11:29  Missile Turret  
  117  11:30  SCV x3  
  120  11:35  Cyclone  
  120  11:36  Hellbat  
  123  11:44  Starport Tech Lab x2  
  123  11:45  Starport Tech Lab  
  123  11:48  SCV x2  
  127  11:54  Hellbat x3  
  131  12:05  Fusion Core  
  131  12:07  Banshee x2  
  131  12:08  Banshee  
  140  12:13  Supply Depot  
  140  12:14  Supply Depot  
  140  12:17  Supply Depot  
  140  12:34  Cyclone, Hellbat x3  
  125  12:40  Banshee  
  126  12:50  Banshee x2  
  132  12:54  Banshee  
  135  13:01  Hyperflight Rotors  
  135  13:04  Hellbat  
  135  13:05  Hellbat x2  
  141  13:10  Unknown  
  141  13:12  Cyclone  
  144  13:15  SCV x4  
  148  13:23  Banshee  
  151  13:33  Banshee x2  
  157  13:34  Hellbat x2  
  157  13:35  Hellbat  
  159  13:50  Supply Depot x2  
  159  13:51  Supply Depot x2  
  159  13:55  Sensor Tower  
  152  14:16  Banshee x2  
  140  14:34  Hellbat x3  
  140  14:35  Hellbat  
  128  14:58  SCV x2, Banshee  
  128  14:59  Banshee  
  113  15:00  Refinery  
  113  15:04  Hellbat x2  
  113  15:05  Cyclone, Hellbat x2  
  120  15:27  Command Center, Missile Turret  
  119  15:29  Hellbat  
  119  15:30  Hellbat x3  
  125  15:39  Cyclone  
  115  15:58  Banshee x2  
  115  16:02  Command Center  
  115  16:03  Starport Tech Lab  
  121  16:07  Refinery  
  121  16:09  Missile Turret  
  123  16:18  Hellbat  
  123  16:19  Hellbat x3  
  123  16:20  Cyclone  
  135  16:28  Missile Turret  
  135  16:41  Starport  
  135  16:42  Starport  
  135  16:44  Starport  
  135  16:45  Starport  
  141  16:51  Battlecruiser x3  
  151  16:54  Hellbat x3  
  151  16:55  Cyclone  
  153  17:16  Missile Turret  
  153  17:23  Planetary Fortress  
  153  17:29  Starport Tech Lab  
  153  17:30  Starport Tech Lab  
  153  17:31  Starport Reactor  
  153  17:50  Battlecruiser  
  153  17:51  Battlecruiser  
  165  17:53  Hellbat x3  
  165  17:54  Cyclone  
  165  17:55  Raven  
  176  18:02  Hi-Sec Auto Tracking  
  176  18:04  Starport Reactor  
  188  18:05  Battlecruiser  
  180  18:18  Viking  
  131  18:38  Battlecruiser  
  131  18:40  Command Center  
  108  18:55  Battlecruiser x2  
  90  19:17  Viking  
  90  19:18  Viking x4  
  97  19:37  Refinery, Hellbat x2  
  97  19:38  Hellbat x2  
  105  19:39  Cyclone  
  105  19:41  Missile Turret  
  105  19:42  Banshee  
  105  19:44  Missile Turret x2  
  110  19:47  Refinery  
  110  19:48  Banshee  
  113  19:58  Banshee  
  113  19:59  Banshee  
  116  20:11  Planetary Fortress  
  116  20:14  Hellbat x2  
  116  20:15  Hellbat x2  
  124  20:22  Viking  
  126  20:46  Banshee x3  
  135  21:13  Command Center  
  135  21:15  Banshee  
  138  21:21  Refinery  
  138  21:22  Viking, Refinery  
  127  21:29  Banshee x2  
  133  21:40  Hellbat x2  
  133  21:41  Hellbat x3  
  143  21:48  Supply Depot  
  100  22:25  Planetary Fortress  
  100  22:26  Raven  
  100  22:27  Missile Turret  
  102  22:33  SCV x2  
  101  23:06  SCV  
  100  23:13  Banshee x3, Orbital Command  
  100  23:18  SCV  
  108  23:22  SCV x2  
  110  23:30  Hellbat x4  
  118  23:42  Banshee  
  115  23:56  Banshee x2  
  110  24:20  SCV x4  
  110  24:23  Command Center  
  108  24:32  SCV, Hellbat x3  
  108  24:33  Hellbat  
  98  24:53  Banshee x4  
  86  25:13  Orbital Command  
  83  25:16  Hellbat  
  83  25:17  Hellbat x3  
  67  25:47  Hellbat  
  67  25:48  Hellbat x4  
Tags
 
Add a new tag
Caveats
  • Supply blocks, unpowered buildings, or Contaminate may cause inaccurate times.
  • Supply counts are checked every 10 seconds.